 Dungeon Crawl Stone Soup version 0.21-a0-401-g0b6bec4 (webtiles) character file.

429 tidbits the Charmwright (level 6, -1/51 HPs)
             Began as a Gnoll Skald on Oct 21, 2017.
             Slain by an ice beast (18 damage)
             ... on level 5 of the Dungeon.
             The game lasted 00:11:25 (1316 turns).

tidbits the Charmwright (Gnoll Skald)               Turns: 1316, Time: 00:11:26

Health: -1/51      AC:  5    Str: 13    XL:     6   Next: 98%
Magic:  12/14      EV: 13    Int: 18    God:
Gold:   196        SH:  0    Dex: 14    Spells: 4/15 levels left

rFire    + . .     SeeInvis .   a - +0 hand axe
rCold    x . .     Gourm    .   (no shield)
rNeg     . . .     Faith    +   B - +0 ring mail
rPois    .         Spirit   .   (no helmet)
rElec    .         Reflect  .   (no cloak)
rCorr    .         Harm     .   (no gloves)
MR       +....                  (no boots)
Stlth    +.........             p - amulet of faith (curse)
HPRegen  0.17/turn              r - ring of protection from magic
MPRegen  0.14/turn              y - ring of fire

@: no status effects
A: distributed training, fangs 1, strong nose
a: no special abilities


You were on level 5 of the Dungeon.
You were not hungry.

You visited 1 branch of the dungeon, and saw 6 of its levels.

You collected 196 gold pieces.

Inventory:

Hand Weapons
 a - a +0 hand axe (weapon)
Missiles
 f - 4 tomahawks (quivered)
 x - 17 arrows
Armour
 b - a +0 leather armour
 l - a +0 hat
 B - a +0 ring mail (worn)
Magical Staves
 n - an uncursed staff of power {unknown}
   (You found it on level 3 of the Dungeon)
Jewellery
 p - a cursed amulet of faith (around neck)
   (You found it on level 3 of the Dungeon)
 r - a ring of protection from magic (left hand)
   (You found it on level 3 of the Dungeon)
 y - a ring of fire (right hand)
   (You found it on level 4 of the Dungeon)
Wands
 v - a wand of paralysis (10/24)
Scrolls
 e - a scroll of enchant weapon {unknown}
 h - a scroll of remove curse {unknown}
 i - a scroll of blinking {unknown}
 j - a scroll of magic mapping {unknown}
 m - 3 scrolls of teleportation
 o - 2 scrolls of noise {unknown}
 q - 2 scrolls of random uselessness {unknown}
 u - a scroll of fear {unknown}
Potions
 g - 2 potions of flight {unknown}
 k - 2 potions of heal wounds {unknown}
 s - a potion of invisibility {unknown}
 t - 3 potions of magic
 w - a potion of mutation {unknown}
 z - a potion of agility {unknown}
Books
 c - a book of Battle

   Spells                             Type                      Level
   a - Infusion                       Charms                       1
   b - Shroud of Golubria             Charms/Translocation         2
   c - Song of Slaying                Charms                       2
   d - Spectral Weapon                Hexes/Charms                 3
   e - Regeneration                   Charms/Necromancy            3
Comestibles
 d - 4 bread rations


   Skills:
 + Level 5.0 Fighting
 + Level 2.1 Short Blades
 + Level 2.1 Long Blades
 + Level 5.0 Axes
 + Level 2.1 Maces & Flails
 + Level 2.1 Polearms
 + Level 2.1 Staves
 + Level 2.1 Slings
 + Level 2.1 Bows
 + Level 2.1 Crossbows
 + Level 2.1 Throwing
 + Level 3.3 Armour
 + Level 5.0 Dodging
 + Level 2.1 Stealth
 + Level 2.1 Shields
 + Level 2.1 Unarmed Combat
 + Level 5.4 Spellcasting
 + Level 1.7 Conjurations
 + Level 1.7 Hexes
 + Level 5.7 Charms
 + Level 1.7 Summonings
 + Level 1.7 Necromancy
 + Level 1.7 Translocations
 + Level 1.7 Transmutations
 + Level 1.7 Fire Magic
 + Level 1.7 Ice Magic
 + Level 1.7 Air Magic
 + Level 1.7 Earth Magic
 + Level 1.7 Poison Magic
 + Level 2.3 Invocations
 + Level 2.1 Evocations


You had 4 spell levels left.
You knew the following spells:

 Your Spells              Type           Power        Failure   Level  Hunger
g - Shroud of Golubria    Chrm/Tloc      ###.......   9%          2    #......
i - Infusion              Chrm           ####         2%          1    None
r - Regeneration          Chrm/Necr      ###.......   17%         3    ##.....
w - Spectral Weapon       Hex/Chrm       ###.....     17%         3    ##.....
y - Song of Slaying       Chrm           ####....     3%          2    #......


Dungeon Overview and Level Annotations

Branches:
Dungeon (6/15)
 Temple: D:4-7

Altars:
Dithmenos
Hepliaklqana
Kikubaaqudgha
Wu Jian
Xom
Zin


Innate Abilities, Weirdness & Mutations

Your experience applies equally to all skills.
You have very sharp teeth.
Your uncanny sense of smell can sniff out nearby items.


Message History

Your spectral weapon shares its damage with you!
You hit the orc.
You kill the orc!
The orc closely misses your spectral weapon.
You hit the orc. Your bite misses the orc.
The orc is almost dead.
Your spectral weapon barely misses the orc.
Your spectral weapon hits the orc!
You kill the orc!
Your spectral weapon hits the orc.
The orc hits you with a hand axe.
The orc closely misses your spectral weapon.
The orc barely misses your spectral weapon.
You hit the orc.
You kill the orc!
You hit the orc.
You kill the orc!
Your Fighting skill increases to level 5!
Your Axes skill increases to level 5!
Your Dodging skill increases to level 5!
Items here: ))) †††
Okay, then.
Butcher an orc corpse? [(y)es/(c)hoosy/(n)o/(a)ll/(e)dible/(q)uit/?]
Butcher an orc corpse? [(y)es/(c)hoosy/(n)o/(a)ll/(e)dible/(q)uit/?]
Okay, then.
You butcher the orc corpse.
Items here: % ))) ÷ †† Unknown command.
Eat one of 4 chunks of flesh? (ye/n/q)
You eat one of the 4 chunks of flesh.
This raw flesh tastes terrible.
Found a stone staircase leading down.
Things that are here:
a whip; an orc corpse
There is a stone staircase leading down here.
Magic restored.
You climb downwards.
Your summoned ally is left behind.
Your spectral weapon fades away.
You hear the hiss of flowing sand.
There is an entrance to an ossuary on this level.
Hurry and find it before the portal is buried!
A jelly comes into view.
Found 20 sling bullets.
There is a stone staircase leading up here.
Found 7 gold pieces and a scroll of identify.
Found an encrusted whip.
Found a stone staircase leading up.
You see here 7 gold pieces.
You now have 196 gold pieces (gained 7).
There is a stone staircase leading up here.
You climb upwards.
Menkaure shouts!
Menkaure shouts, "The sands of time shall wipe you from history!"
There is a stone staircase leading down here.
Casting: Spectral Weapon
Confirm with . or Enter, or press ? or * to list all spells.
You draw out your weapon's spirit!
Menkaure whispers, "Let me perform the rites..."
An ice beast comes into view.
The ice beast moves out of view.
Menkaure hits you!!
You closely miss Menkaure. You bite Menkaure, but do no damage.
Your spectral weapon hits Menkaure.
You slash Menkaure!
Menkaure is heavily damaged.
Your spectral weapon hits Menkaure!
Menkaure closely misses you.
You hit Menkaure.
You destroy Menkaure!
Your Short Blades skill increases to level 2!
Your Long Blades skill increases to level 2!
Your Maces & Flails skill increases to level 2!
Your Polearms skill increases to level 2!
Your Staves skill increases to level 2!
Your Slings skill increases to level 2!
Your Bows skill increases to level 2!
Your Crossbows skill increases to level 2!
Your Throwing skill increases to level 2!
Your Stealth skill increases to level 2!
Your Shields skill increases to level 2!
Your Unarmed Combat skill increases to level 2!
Your Evocations skill increases to level 2!
You hit the ice beast but do no damage.
Your spectral weapon hits the ice beast.
The ice beast hits you.
* * * LOW HITPOINT WARNING * * *
The ice beast freezes you!
You feel a terrible chill!
* * * LOW HITPOINT WARNING * * *
You hit the ice beast but do no damage.
The ice beast is lightly wounded.
Your spectral weapon hits the ice beast.
The ice beast closely misses you.
You hit the ice beast. You bite the ice beast.
The ice beast is moderately wounded.
Your spectral weapon hits the ice beast.
The ice beast barely misses you.
You hit the ice beast.
The ice beast is heavily wounded.
Your spectral weapon barely misses the ice beast.
The ice beast hits you but does no damage.
You hit the ice beast but do no damage.
The ice beast is heavily wounded.
Your spectral weapon hits the ice beast.
The ice beast hits you.
* * * LOW HITPOINT WARNING * * *
The ice beast freezes you!!
You feel a terrible chill!
You die...

##### ## .... #.
∆... ##.##.##
##.
#####......#....
.......>(#....#
#####...@Y.#
##.##....... #.
###..#. .. .#
### .∆ .# #.#
#.# #.# #


You could see an ice beast and a friendly spectral hand axe.

Vanquished Creatures
  Menkaure (D:5)
  An ogre (D:5)
  The ghost of Tungsten the Caller, an amateur KoSu (D:3)
  Natasha (D:3)
  A worker ant (D:4)
  3 adders
  An ooze (D:2)
  An adder zombie (D:5)
  An adder skeleton (D:4)
  A worm (D:4)
  2 dart slugs
  3 leopard geckos
  10 orcs
  3 giant cockroaches
  4 goblins
  6 jackals
  5 kobolds
  2 quokkas
  2 bats (D:1)
  5 frilled lizards
  A leopard gecko skeleton (D:4)
  4 rats
59 creatures vanquished.

Notes
Turn   | Place    | Note
-------+----------+-------------------------------------------
     0 | D:1      | tidbits the Gnoll Skald began the quest for the Orb.
     0 | D:1      | Reached XP level 1. HP: 20/20 MP: 6/6
   155 | D:1      | Reached XP level 2. HP: 26/26 MP: 4/7
   159 | D:1      | Learned a level 2 spell: Song of Slaying
   162 | D:1      | Learned a level 2 spell: Shroud of Golubria
   322 | D:2      | Found an ornate altar of the Wu Jian Council.
   511 | D:3      | Reached XP level 3. HP: 31/31 MP: 5/9
   511 | D:3      | Reached skill level 5 in Spellcasting
   522 | D:3      | Learned a level 3 spell: Regeneration
   526 | D:3      | Learned a level 3 spell: Spectral Weapon
   533 | D:3      | Found a shadowy altar of Dithmenos.
   676 | D:3      | Noticed Tungsten's ghost (amateur KoSu)
   691 | D:3      | Killed Tungsten's ghost
   691 | D:3      | Reached skill level 1 in Short Blades
   691 | D:3      | Reached skill level 1 in Long Blades
   691 | D:3      | Reached skill level 1 in Maces & Flails
   691 | D:3      | Reached skill level 1 in Polearms
   691 | D:3      | Reached skill level 1 in Staves
   691 | D:3      | Reached skill level 1 in Slings
   691 | D:3      | Reached skill level 1 in Bows
   691 | D:3      | Reached skill level 1 in Crossbows
   691 | D:3      | Reached skill level 1 in Throwing
   691 | D:3      | Reached skill level 1 in Stealth
   691 | D:3      | Reached skill level 1 in Shields
   691 | D:3      | Reached skill level 1 in Unarmed Combat
   691 | D:3      | Reached skill level 1 in Conjurations
   691 | D:3      | Reached skill level 1 in Hexes
   691 | D:3      | Reached skill level 1 in Summonings
   691 | D:3      | Reached skill level 1 in Necromancy
   691 | D:3      | Reached skill level 1 in Translocations
   691 | D:3      | Reached skill level 1 in Transmutations
   691 | D:3      | Reached skill level 1 in Fire Magic
   691 | D:3      | Reached skill level 1 in Ice Magic
   691 | D:3      | Reached skill level 1 in Air Magic
   691 | D:3      | Reached skill level 1 in Earth Magic
   691 | D:3      | Reached skill level 1 in Poison Magic
   691 | D:3      | Reached skill level 1 in Invocations
   691 | D:3      | Reached skill level 1 in Evocations
   691 | D:3      | Reached XP level 4. HP: 21/38 MP: 6/11
   726 | D:3      | Reached XP level 5. HP: 37/43 MP: 4/12
   765 | D:2      | Found a shadowy altar of Dithmenos.
   824 | D:3      | Noticed Natasha
   839 | D:3      | Killed Natasha
   876 | D:4      | Reached skill level 3 in Armour
   889 | D:5      | Entered Level 5 of the Dungeon
   941 | D:5      | Noticed an ogre
   948 | D:5      | Killed an ogre
   948 | D:5      | Reached skill level 2 in Invocations
   948 | D:5      | Reached XP level 6. HP: 13/50 MP: 5/13
   952 | D:5      | HP: 4/50 [adder (4)]
  1046 | D:5      | Found a hazy altar of Hepliaklqana.
  1047 | D:5      | Found a shimmering altar of Xom.
  1048 | D:5      | Noticed a spectral ugly thing
  1083 | D:5      | Found a glowing silver altar of Zin.
  1193 | D:4      | Found an ancient bone altar of Kikubaaqudgha.
  1279 | D:5      | Reached skill level 5 in Fighting
  1279 | D:5      | Reached skill level 5 in Axes
  1279 | D:5      | Reached skill level 5 in Dodging
  1306 | D:5      | Noticed Menkaure
  1308 | D:5      | Noticed an ice beast
  1311 | D:5      | Killed Menkaure
  1311 | D:5      | Reached skill level 2 in Short Blades
  1311 | D:5      | Reached skill level 2 in Long Blades
  1311 | D:5      | Reached skill level 2 in Maces & Flails
  1311 | D:5      | Reached skill level 2 in Polearms
  1311 | D:5      | Reached skill level 2 in Staves
  1311 | D:5      | Reached skill level 2 in Slings
  1311 | D:5      | Reached skill level 2 in Bows
  1311 | D:5      | Reached skill level 2 in Crossbows
  1311 | D:5      | Reached skill level 2 in Throwing
  1311 | D:5      | Reached skill level 2 in Stealth
  1311 | D:5      | Reached skill level 2 in Shields
  1311 | D:5      | Reached skill level 2 in Unarmed Combat
  1311 | D:5      | Reached skill level 2 in Evocations
  1316 | D:5      | Slain by an ice beast

Vault maps used:
D:1:      dpeg_arrival_tiny_d, hangedman_decor_opposing
D:2:      lemuel_upstairs_altar, lemuel_coloured_pillars_altar, first_bread
D:3:      grunt_dithmenos_smoke_and_mirrors, uniq_natasha
D:4:      kiku_gazebo_pond_becter, kennysheep_nub
D:5:      regret_index_temple_of_mockery, slow_altar_2, kennysheep_little_box,
          uniq_eustachio, uniq_menkaure
D:6:      nicolae_ossuary_entry_monument, uniq_pikel

Skill      XL: |  1  2  3  4  5  6 |
---------------+-------------------+-----
Spellcasting   | 5 |  5.4
Short Blades   | 1 2 |  2.1
Long Blades    | 1 2 |  2.1
Maces & Flails | 1 2 |  2.1
Polearms       | 1 2 |  2.1
Staves         | 1 2 |  2.1
Slings         | 1 2 |  2.1
Bows           | 1 2 |  2.1
Crossbows      | 1 2 |  2.1
Throwing       | 1 2 |  2.1
Stealth        | 1 2 |  2.1
Shields        | 1 2 |  2.1
Unarmed Combat | 1 2 |  2.1
Conjurations   | 1 |  1.7
Hexes          | 1 |  1.7
Summonings     | 1 |  1.7
Necromancy     | 1 |  1.7
Translocations | 1 |  1.7
Transmutations | 1 |  1.7
Fire Magic     | 1 |  1.7
Ice Magic      | 1 |  1.7
Air Magic      | 1 |  1.7
Earth Magic    | 1 |  1.7
Poison Magic   | 1 |  1.7
Invocations    | 1 2 |  2.3
Evocations     | 1 2 |  2.1
Armour         | 3 |  3.3
Fighting       | 5 |  5.0
Axes           | 5 |  5.0
Dodging        | 5 |  5.0
Charms         | |  5.7

Action                   |  1- 3 |  4- 6 || total
-------------------------+-------+-------++-------
Melee: Hand axe          |    54 |    81 ||   135
       Bite              |     4 |    10 ||    14
       Punch             |       |     1 ||     1
Throw: Tomahawk          |     1 |       ||     1
 Cast: Infusion          |    12 |       ||    12
       Spectral Weapon   |     1 |    10 ||    11
       Regeneration      |     1 |     5 ||     6
       Shroud of Golubri |     1 |       ||     1
Evoke: Wand              |       |     9 ||     9
  Use: Scroll            |       |     3 ||     3
 Stab: Sleeping          |     1 |     1 ||     2
       Paralysed         |       |     4 ||     4
       Distracted        |       |     2 ||     2
  Eat: Chunk             |       |     3 ||     3
Armor: Leather armour    |     3 |       ||     3
       Ring mail         |    19 |    26 ||    45
Dodge: Dodged            |    44 |    54 ||    98

Table legend:
 A = Spawn XP
 B = Non-spawn XP
 C = Spawn XP percentage of total XP
 D = Spawn monster count
 E = Non-spawn monster count
 F = Spawn count percentage of total count
 G = Total turns spent on level
                    A         B        C        D         E        F      G
               +---------+---------+-------+---------+---------+-------+---------
         Total |       0 |     613 |   0.0 |       0 |      59 |   0.0 |  1316
               +---------+---------+-------+---------+---------+-------+---------
           D:1 |       0 |      25 |   0.0 |       0 |      13 |   0.0 |   285
           D:2 |       0 |      14 |   0.0 |       0 |       7 |   0.0 |   249
           D:3 |       0 |     186 |   0.0 |       0 |      16 |   0.0 |   333
           D:4 |       0 |      56 |   0.0 |       0 |      10 |   0.0 |   238
           D:5 |       0 |     332 |   0.0 |       0 |      13 |   0.0 |   197
               +---------+---------+-------+---------+---------+-------+---------

Table legend:
 A = Turns spent in this place as a percentage of turns spent in the entire game.
 B = Non-inter-level travel turns spent in this place as a percentage of non-inter-level travel turns spent in the entire game.
 C = Inter-level travel turns spent in this place as a percentage of turns spent in this place.
 D = Turns resting spent in this place as a percentage of non-inter-level travel turns spent in this place.
 E = Turns spent auto-exploring this place as a percentage of non-inter-level travel turns spent in this place.
 F = Non-inter-level travel turns spent in this place divided by the number of levels of this place that you've seen.
                   A       B       C       D       E      F
               +-------+-------+-------+-------+-------+----------------------
         Total | 100.0 | 100.0 |   0.8 |   0.0 |   0.0 | 217.7
       Dungeon | 100.0 | 100.0 |   0.8 |   0.0 |   0.0 | 217.7
               +-------+-------+-------+-------+-------+----------------------

Table legend:
 A = Kills in this place as a percentage of kills in entire the game.
 B = Kills by you in this place as a percentage of kills by you in the entire game.
 C = Kills by friends in this place as a percentage of kills by friends in the entire game.
 D = Other kills in this place as a percentage of other kills in the entire game.
 E = Experience gained in this place as a percentage of experience gained in the entire game.
 F = Experience gained in this place divided by the number of levels of this place that you have seen.
                   A       B       C       D       E      F
               +-------+-------+-------+-------+-------+----------------------
         Total | 100.0 | 100.0 |   N/A |   N/A | 100.0 | 102.2
       Dungeon | 100.0 | 100.0 |   N/A |   N/A | 100.0 | 102.2
               +-------+-------+-------+-------+-------+----------------------

Vault maps used:
D:1:      dpeg_arrival_tiny_d, hangedman_decor_opposing
D:2:      lemuel_upstairs_altar, lemuel_coloured_pillars_altar, first_bread
D:3:      grunt_dithmenos_smoke_and_mirrors, uniq_natasha
D:4:      kiku_gazebo_pond_becter, kennysheep_nub
D:5:      regret_index_temple_of_mockery, slow_altar_2, kennysheep_little_box,
          uniq_eustachio, uniq_menkaure
D:6:      nicolae_ossuary_entry_monument, uniq_pikel
